 Dungeon Crawl Stone Soup version 0.28-a0-1184-g53156a8862 (webtiles) character file.

Game seed: 1296736902638876903

512 snetch the Magician (level 7, -13/46 HPs)
             Began as a Djinni Fire Elementalist on Dec 17, 2021.
             Was a Follower of Ashenzari.
             Mangled by an orc warrior (18 damage)
             ... on level 4 of the Dungeon.
             The game lasted 00:17:06 (4317 turns).

snetch the Magician (Djinni Fire Elementalist)      Turns: 4317, Time: 00:17:08

Health: -13/46     AC:  2    Str:  7    XL:     7   Next: 43%
Gold:   155        EV: 13    Int: 19    God:    Ashenzari [*.....] SH:  0 Dex: 13

rFire   + + .      SeeInvis .   m - +0 scimitar of the Circumscribed Seer {Cun, Fort} (curse)
rCold   . . .      Faith    .   (no shield)
rNeg    . . .      Spirit   .   a - +0 robe of Ashenzari's Gloom {Evo, Fort} (curse)
rPois   ∞          Reflect  .   (no helmet)
rElec   .          Harm     .   s - scarf {repulsion}
rCorr   .          Rampage  .   (no gloves)
Will    .....                   (boots unavailable)
Stlth   ++........              (no amulet)
HPRegen 0.15/turn               g - ring of wizardry
MPRegen 0.00/turn               r - ring of protection from cold

@: flying, repel missiles
A: sickness immunity, fire resistance 2, cold vulnerability 1, float, innate
caster, hp casting, extra vitality 1
a: Renounce Religion, Curse Item, Shatter the Chains


You were on level 4 of the Dungeon.
You worshipped Ashenzari.
Ashenzari was aware of your devotion.
You visited 1 branch of the dungeon, and saw 4 of its levels.

You collected 225 gold pieces.
You spent 70 gold pieces at shops.

Inventory:

Hand Weapons
 m - the cursed +0 scimitar of the Circumscribed Seer (weapon) {Cun, Fort}
   (You found it on level 1 of the Dungeon)

   It has a curse which improves the following skills: Cunning: Dodging and
   Stealth.
   Fortitude: Armour and Shields.
 t - a +1 flail of protection
 A - a +0 trident
Missiles
 b - 59 stones
 w - 2 boomerangs
Armour
 a - the cursed +0 robe of Ashenzari's Gloom (worn) {Evo, Fort}

   It has a curse which improves the following skills: Evocations: Evocations.
   Fortitude: Armour and Shields.
 d - a +0 chain mail
 s - a scarf of repulsion (worn)
 v - a +0 leather armour
 z - a +0 ring mail
Jewellery
 g - a ring of wizardry (left hand)
 j - a ring of protection from fire
 q - a ring of resist corrosion
 r - a ring of protection from cold (right hand)
Wands
 n - a wand of flame (25)
Scrolls
 c - 2 scrolls of teleportation
 e - a scroll of enchant weapon
 h - 3 scrolls of fog
 i - a scroll of magic mapping
 p - a scroll of enchant armour
 u - a scroll of fear
 y - a scroll of blinking
Potions
 f - a potion of curing
 k - a potion of ambrosia
 l - a potion of might
 o - a potion of lignification
 x - a potion of resistance


   Skills:
 + Level 0.5 Fighting
 + Level 3.2(4.1) Dodging
 + Level 2.4(3.2) Stealth
 + Level 5.6 Spellcasting


You couldn't memorise any spells.
You knew the following spells:

 Your Spells              Type           Power      Damage    Failure   Level
a - Foxfire               Conj/Fire      100%       2x1d9     1%          1
b - Scorch                Fire           52%        2d7       1%          2
c - Conjure Flame         Conj/Fire      26%        6-21      1%          3
d - Inner Flame           Hex/Fire       26%        N/A       1%          3
e - Flame Wave            Conj/Fire      26%        2d6       4%          4
f - Summon Small Mammal   Summ           100%       N/A       1%          1
g - Searing Ray           Conj           52%        2d6       1%          2
h - Ignite Poison         Fire/Tmut/Pois 26%        N/A       1%          3
Your spell library was empty.

Dungeon Overview and Level Annotations

Branches:
Dungeon (4/15)
 Temple: D:4-7

Altars:
Ashenzari
Dithmenos
Gozag

Shops:
D:1 (   D:3 *


Innate Abilities, Weirdness & Mutations

You are immune to sickness and miasma.
You are immune to poison.
Your flesh is very heat resistant. (rF++)
You are vulnerable to cold. (rC-)
You float through the air rather than walking.
You learn spells naturally, not from books.
Your magical power is your life essence.
You have superior vitality. (+4 HP)


Message History

You kill the orc!
You finish channelling your searing ray.
The orc warrior completely misses you.
Casting: Searing Ray (safe; 1% risk of failure)
Confirm with . or Enter, or press ? or * to list all spells.
Aiming: Searing Ray (safe; 1% risk of failure)
Press: ? - help, Shift-Dir - straight line, f/p - orc warrior
Aim: an orc warrior, wielding a +0 long sword and wearing a +0 chain mail (moderately wounded, 77% to hit)
The searing ray hits the orc warrior but does no damage.
The orc warrior is moderately wounded. (Press . to maintain the ray.)
The orc warrior misses you.
The searing ray hits the orc warrior but does no damage.
The orc warrior is moderately wounded.
The searing ray hits the ball python!
You kill the ball python!
The orc warrior barely misses you.
The searing ray hits the orc warrior.
The orc warrior is heavily wounded.
The orc warrior hits you with a +0 long sword!
The searing ray misses the orc warrior.
You finish channelling your searing ray.
The orc warrior hits you with a +0 long sword!
* * * LOW HITPOINT WARNING * * *
Unknown command.
Casting: Searing Ray (safe; 1% risk of failure)
Confirm with . or Enter, or press ? or * to list all spells.
Flames lash the orc warrior but do no damage.
* * * LOW HITPOINT WARNING * * *
A worm comes into view.
The orc warrior completely misses you.
Unknown command.
Casting: Scorch (safe; 1% risk of failure)
Confirm with . or Enter, or press ? or * to list all spells.
Flames lash the orc warrior.
The orc warrior is severely wounded.
The orc warrior's fire resistance burns away.
* * * LOW HITPOINT WARNING * * *
The orc warrior hits you with a +0 long sword!!
You die...

.#.#.#...........###........#####
.#..........##.......#####.......
.###........###..#......###.#####
.###........####.###.............
..##.#...........................
............####.................
.........(((## #.................
.............###......##.##.##.##
....#........##.@..>.###. ..# ...
#..##.#.?.##....o....# ## ### ##.
#...#.###......#)....... .
##..#.....##.........###
#..........##.#)...## #..........
#..)..## #..........# .....#
#........... ..w.# ##............


You could see an orc warrior (combustible) and a worm.

Vanquished Creatures
  An ogre (D:4)
  2 phantoms (D:4)
  A hound (D:4)
  2 orc wizards
  A hound skeleton (D:4)
  4 gnolls (D:2)
  3 adders
  A howler monkey skeleton (D:2)
  4 adder skeletons
  3 dart slugs
  14 orcs
  5 bats
  2 bat skeletons (D:2)
  2 bat zombies (D:2)
  2 endoplasms
  4 giant cockroaches
  3 goblins
  4 hobgoblins
  13 jackals
  4 kobolds
  2 quokkas (D:3)
  3 ball pythons
  6 frilled lizards
  A giant cockroach zombie (D:2)
  A quokka skeleton (D:2)
  A quokka zombie (D:2)
  7 rats
96 creatures vanquished.

Vanquished Creatures (collateral kills)
  15 foxfires
15 creatures vanquished.

Vanquished Creatures (others)
  262 foxfires
  4 plants
  4 withered plants (D:2)
270 creatures vanquished.

Grand Total: 381 creatures vanquished

Notes
Turn   | Place    | Note
-------+----------+-------------------------------------------
     0 | D:1      | snetch the Djinni Fire Elementalist began the quest for the
                  | Orb.
     0 | D:1      | Reached XP level 1. HP: 15/15 MP: 0/0
   293 | D:1      | Reached XP level 2. HP: 19/21 MP: 0/0
   598 | D:2      | Found an opulent altar of Gozag.
   849 | D:2      | Reached skill level 3 in Spellcasting
   851 | D:2      | Reached XP level 3. HP: 21/25 MP: 0/0
   851 | D:2      | Learned a level 1 spell: Summon Small Mammal
   861 | D:2      | Found a faded altar of an unknown god.
   868 | D:2      | Prayed at the altar of an unknown god.
   868 | D:2      | Became a worshipper of Ashenzari the Shackled
   954 | D:2      | Reached XP level 4. HP: 13/31 MP: 0/0
  1470 | D:1      | Found Moulum's Weapon Shop.
  1515 | D:2      | Reached XP level 5. HP: 19/35 MP: 0/0
  1515 | D:2      | Learned a level 2 spell: Searing Ray
  2083 | D:2      | Reached skill level 4 in Spellcasting
  2365 | D:2      | Reached * piety under Ashenzari
  2596 | D:3      | Found a shadowy altar of Dithmenos.
  3035 | D:4      | Noticed a phantom
  3040 | D:4      | Reached XP level 6. HP: 34/40 MP: 0/0
  3332 | D:4      | Noticed an ogre
  3337 | D:4      | Killed an ogre
  3338 | D:4      | Reached skill level 5 in Spellcasting
  3338 | D:4      | Reached XP level 7. HP: 41/45 MP: 0/0
  3338 | D:4      | Learned a level 3 spell: Ignite Poison
  3353 | D:3      | Found Suanof's Assorted Antiques.
  4072 | D:3      | Bought a murky purple potion for 16 gold pieces
  4072 | D:3      | Bought a scroll of teleportation for 54 gold pieces
  4317 | D:4      | Mangled by an orc warrior

Illustrated notes

Levels and vault maps discovered:
D:1:      scummos_arrival_hexagon, layout_basic, serial_shops,
          nicolae_shop_trees, serial_bayou_lagoon_b
D:2:      layout_rooms, chequers_ecumenical_altar_simple_redux, serial_undead,
          serial_undead_f, serial_undead_c, serial_undead_d, serial_undead_f,
          serial_undead_e, serial_undead_a, serial_undead_f, basic_altar,
          nicolae_grassy_gnolls
D:3:      layout_basic, mainiacjoe_overflow_cross_hatched, serial_shops,
          nicolae_shop_hallway_plus
D:4:      layout_rooms, kennysheep_generic_room_4, uniq_crazy_yiuf_cottage

Skill      XL: |  1  2  3  4  5  6 |
---------------+-------------------+-----
Spellcasting   | 3 4 5 |  5.6
Stealth        | 2 |  2.4
Dodging        | 3 |  3.2
Fighting       | |  0.5

Action                   |  1- 3 |  4- 6 |  7- 9 || total
-------------------------+-------+-------+-------++-------
Melee: Scimitar          |       |     1 |     2 ||     3
 Cast: Foxfire           |    47 |    85 |    30 ||   162
       Scorch            |     2 |    12 |     7 ||    21
       Summon Small Mamm |     1 |       |       ||     1
       Searing Ray       |       |     5 |     2 ||     7
       Flame Wave        |       |     1 |       ||     1
Invok: Curse Item        |       |     2 |       ||     2
  Use: Scroll            |       |     1 |       ||     1
Armor: Robe              |       |     3 |     4 ||     7
Dodge: Dodged            |     2 |    17 |    19 ||    38

Table legend: (Time is in decaauts)
 A = Elapsed time spent in this place.
 B = Non-inter-level travel time spent in this place.
 C = Inter-level travel time spent in this place.
 D = Time resting spent in this place.
 E = Time spent auto-exploring this place.
 F = Levels seen in this place.
 G = Mean time per level.
                   A        B        C        D        E       F      G
               +--------+--------+--------+--------+--------+-----+--------+
         Total |   4326 |   4170 |    156 |    442 |   2769 |   4 | 1081.5 |
       Dungeon |   4326 |   4170 |    156 |    442 |   2769 |   4 | 1081.5 |
               +--------+--------+--------+--------+--------+-----+--------+

Top non-repeatable levels by time:
     D:3: 1484 daAuts
     D:1: 1467 daAuts
     D:2: 950 daAuts
     D:4: 424 daAuts
